 Dungeon Crawl Stone Soup version 0.31-a0-940-gdaa99269f9 (webtiles) character file.

Game seed: 15917743367419764083

23 Azuregosa the Sneak (level 2, -1/21 HPs)
             Began as an Octopode Delver on Oct 20, 2023.
             Succumbed to an adder's poison
             ... on level 5 of the Dungeon.
             The game lasted 00:01:00 (58 turns).

Azuregosa the Sneak (Octopode Delver)                 Turns: 58, Time: 00:01:01

Health: -1/21      AC:  1    Str: 11    XL:     2   Next: 95%
Magic:  2/2        EV: 13    Int: 12    God:
Gold:   0          SH:  0    Dex: 13    Spells: 1/1 levels left

rFire   . . .        a - +0 mace
rCold   . . .        (no shield)
rNeg    . . .        (helmet restricted)
rPois   .            (no amulet)
rElec   .            (no ring)
rCorr   .            (no ring)
SInv    .            (no ring)
Will    .....        (no ring)
Stlth   ++++         (no ring)
HPRegen 0.23/turn    (no ring)
MPRegen 0.08/turn    (no ring)
                     (no ring)

%: no passive effects
@: lethally poisoned (-1 -> -9)
A: almost no armour, amphibious, 8 rings, camouflage 1, gelatinous body 1,
(nimble swimmer 1), tentacles
a: no special abilities


You were on level 5 of the Dungeon.
You visited 1 branch of the dungeon, and saw 1 of its levels.

Inventory:

Hand Weapons
 a - a +0 mace (weapon)
Missiles
 g - 4 poisoned darts
Wands
 f - a wand of digging (3)
Scrolls
 b - a scroll of fog
 d - a scroll of fear
Potions
 c - a potion of lignification {unknown}
 e - a potion of haste


   Skills:
 + Level 3.2 Fighting
 + Level 2.3 Maces & Flails
 + Level 2.3 Dodging
 + Level 6.9 Stealth


You had one spell level left.
You didn't know any spells.
Your spell library was empty.

Dungeon Overview and Level Annotations

Branches:
Dungeon (5/15)
 Temple: D:4-7

Altars:


Innate Abilities, Weirdness & Mutations

You cannot wear most types of armour.
You are amphibious.
You can wear up to eight rings at the same time.
Your skin changes colour to match your surroundings (Stealth+).
Your rubbery body absorbs attacks. (AC +1, EV +1)
((You are camouflaged when in or above water. (Stealth+)))
You have tentacles for arms and can constrict up to eight enemies at once.


Message History

You see here a +0 chain mail.
You start resting.
An adder comes into view.
You see here a +0 chain mail.
Throw: 5 darts (poison)
Press: ? - help, Shift-Dir - straight line, f - adder
Aim: an adder (wandering, hasn't noticed you, 32% to hit)
You can't see any item there.
You throw a poisoned dart.
The poisoned dart closely misses the adder.
The adder hisses angrily.
You barely miss the adder.
The adder hisses angrily.
Your grab misses the adder. The adder bites you. The adder closely misses you.
You barely miss the adder. You grab the adder. You squeeze the adder.
The adder is heavily wounded.
You constrict the adder. The adder barely misses you. The adder bites you.
You are poisoned.
The adder poisons you! The adder barely misses you.
The adder closely misses you.
You hit the adder. Your grab misses the adder.
The adder is heavily wounded.
You constrict the adder, but do no damage.
You feel sick. The adder misses you. The adder closely misses you.
You barely miss the adder.
The adder is heavily wounded.
You constrict the adder.
You feel sick. The adder bites you. x2
* * * LOW HITPOINT WARNING * * *
The adder bites you.
* * * LOW HITPOINT WARNING * * *
The adder bites you but does no damage.
You barely miss the adder. You grab the adder. You squeeze the adder.
You kill the adder!
You constrict the adder.
You feel sick. The adder bites you.
* * * LOW HITPOINT WARNING * * *
You are more poisoned.
The adder poisons you! The adder bites you but does no damage.
You hit the adder.
You kill the adder!
You die...

,,,,,,,,,,,**,,*********,,,**,,,*
,,,,,,,,.....,,,,,,,,,,,,,,,,,,,,
,,,,,,###....,,,,,,***,,,,,,,,,,,
,,,,,,,......,****,,,,,,,,,,,,,,,
,,,,,,,,.......######>..,,,,,,,,,
,,,,,,,*##...#....###...,,,,,,,,,
,,,,,,.###...####..####..,,,,,,,,
,,,,,,.........###../...#,***,,,,
,,,,,...........@......#,,* ****,
***,,....##(.............,* **
**#,...#####)#....###.#,**
**..##........>..###..*,,**
*,..........>.....##.#**,,**
*,...................#***,,*
*,......[......##%....,,,,,*
***,**##..†<...........#******
*,,,* *#.........###...#***


There were no monsters in sight!

Vanquished Creatures
  3 adders (D:5)
  2 orcs (D:5)
5 creatures vanquished.

Notes
Turn   | Place    | Note
-------+----------+-------------------------------------------
     0 | D:5      | Azuregosa the Octopode Delver began the quest for the Orb.
     0 | D:5      | Reached XP level 1. HP: 16/16 MP: 1/1
    11 | D:5      | Reached XP level 2. HP: 21/21 MP: 2/2
    57 | D:5      | HP: 1/21 [adder (3)]
    58 | D:5      | Succumbed to an adder's poison

Illustrated notes

Levels and vault maps discovered:
D:5:      layout_rooms, serial_corexii_hall, chequers_hall_statues_wall_a,
          corexii_hall_statues_l, uniq_crazy_yiuf_cottage

Action                     || total
---------------------------++-------
  Melee: Mace              ||    13
         Tentacles         ||     4
         Constrict         ||     3
  Throw: Dart              ||     1
    Use: Scroll            ||     1
 Armour: Skin              ||    10
  Dodge: Dodged            ||    12

Table legend: (Time is in decaauts)
 A = Elapsed time spent in this place.
 B = Non-inter-level travel time spent in this place.
 C = Inter-level travel time spent in this place.
 D = Time resting spent in this place.
 E = Time spent auto-exploring this place.
 F = Levels seen in this place.
 G = Mean time per level.
                   A        B        C        D        E       F      G
               +--------+--------+--------+--------+--------+-----+--------+
         Total |     61 |     61 |      0 |      4 |      0 |   1 |   61.0 |
       Dungeon |     61 |     61 |      0 |      4 |      0 |   1 |   61.0 |
               +--------+--------+--------+--------+--------+-----+--------+

Top non-repeatable levels by time:
     D:5: 61 daAuts
